Map: World of Sleepers LE

Players

Patience

  • Race: Protoss Protoss
  • Spawn Location: 7:00

Elazer - Winner!

  • Race: Zerg Zerg
  • Spawn Location: 1:00

Event: IEM Katowice 2020

VOD

Have the link to the VOD?

Description

Time

  • Played on: Feb. 28, 2020, 8:09 a.m.
  • Length: 9:14

All games in this series

Show
View Real Time Build Order
Export as new Build Order

Patience Protoss 

Build Orders: 1 Gate Expand, Mass Adepts 

Get SALT Encoding   

  12  0:01  Probe  
  13  0:13  Probe  
  14  0:18  Pylon  
  14  0:25  Probe (Chrono Boost)  
  14  0:27  Assimilator  
  15  0:37  Probe (Chrono Boost)  
  16  0:44  Probe (Chrono Boost)  
  16  0:47  Gateway  
  17  0:51  Probe  
  18  1:03  Probe  
  19  1:16  Probe  
  20  1:23  Nexus  
  20  1:34  Cybernetics Core  
  20  1:35  Probe  
  21  1:41  Assimilator  
  21  1:47  Probe  
  21  1:50  Pylon  
  22  1:59  Probe  
  23  2:07  Adept (Chrono Boost)  
  23  2:10  Warp Gate  
  23  2:12  Probe  
  26  2:16  Twilight Council  
  26  2:24  Probe  
  26  2:27  Stalker (Chrono Boost)  
  27  2:35  Probe (Chrono Boost)  
  31  2:43  Probe (Chrono Boost), Robotics Facility  
  31  2:46  Probe (Chrono Boost)  
  31  2:50  Probe (Chrono Boost)  
  33  2:53  Resonating Glaives (Chrono Boost)  
  34  2:58  Probe  
  34  3:03  Probe  
  35  3:11  Probe  
  36  3:13  Gateway  
  36  3:15  Probe  
  36  3:18  Gateway  
  39  3:27  Probe  
  39  3:29  Warp Prism (Chrono Boost)  
  41  3:38  Gateway  
  41  3:40  Gateway  
  40  3:45  Probe, Pylon  
  40  3:47  Probe  
  42  3:52  Pylon  
  42  4:00  Probe, Pylon  
  42  4:01  Probe  
  44  4:04  Observer  
  44  4:09  Adept x2  
  49  4:11  Adept  
  51  4:17  Probe  
  51  4:18  Probe  
  51  4:20  Assimilator  
  53  4:24  Assimilator  
  53  4:32  Adept  
  53  4:33  Adept x3  
  53  4:34  Adept  
  53  4:36  Probe  
  64  4:49  Pylon  
  64  4:54  Adept x3  
  66  5:08  Immortal (Chrono Boost)  
  64  5:16  Probe  
  64  5:17  Probe  
  64  5:19  Forge  
  66  5:24  Sentry x2  
  66  5:25  Sentry  
  72  5:31  Nexus  
  72  5:35  Pylon  
  72  5:38  Immortal (Chrono Boost)  
  76  5:43  Probe x2  
  78  5:56  Protoss Ground Weapons Level 1  
  78  6:02  Probe x2  
  80  6:04  Stalker  
  80  6:07  Immortal (Chrono Boost)  
  80  6:11  Pylon  
  86  6:12  Pylon  
  86  6:14  Blink  
  86  6:18  Observer  
  86  6:29  Probe x2  
  88  6:36  Immortal (Chrono Boost)  
  92  6:41  Probe x2  
  94  6:47  Sentry x2  
  94  6:48  Adept x3  
  94  6:53  Probe x2  
  106  7:00  Probe  
  107  7:04  Gateway x2  
  107  7:05  Probe  
  107  7:06  Gateway  
  108  7:15  Adept x4  
  110  7:36  Adept x5  
  86  7:50  Probe x3  
  77  7:52  Immortal (Chrono Boost)  
  77  7:53  Shield Battery  
  77  7:55  Shield Battery  
  77  7:56  Shield Battery  
  76  7:58  Sentry x3  
  76  8:03  Shield Battery  
  76  8:06  Sentry  
  76  8:07  Zealot x2, Shield Battery  
  82  8:13  Zealot x2  
  82  8:16  Pylon  
  86  8:21  Photon Cannon  
  86  8:22  Immortal (Chrono Boost), Sentry  
  86  8:23  Sentry  
  86  8:24  Zealot  
  95  8:30  Adept x3  
  101  8:36  Photon Cannon  
  101  8:45  Sentry  
  101  8:46  Zealot x4  
  105  8:54  Zealot x2  
  105  8:55  Zealot  
  79  9:07  Adept x4  
Show
View Real Time Build Order
Export as new Build Order

Elazer Zerg - Winner!

Build Orders: Hatch First 

Get SALT Encoding   

  12  0:00  Drone  
  13  0:12  Overlord  
  13  0:17  Drone  
  14  0:30  Drone x2  
  16  0:48  Hatchery  
  15  0:51  Drone  
  15  0:55  Drone  
  17  0:58  Drone  
  18  1:09  Extractor  
  17  1:13  Spawning Pool  
  17  1:17  Drone  
  17  1:20  Drone  
  18  1:28  Drone  
  19  1:39  Drone  
  20  1:50  Drone  
  21  2:00  Zergling x2, Queen x2  
  21  2:01  Overlord  
  26  2:12  Zergling x2, Drone  
  28  2:21  Drone  
  28  2:22  Drone  
  30  2:28  Hatchery  
  29  2:33  Drone  
  29  2:34  Drone  
  31  2:39  Queen  
  31  2:44  Metabolic Boost  
  33  2:49  Overlord  
  33  2:52  Drone  
  33  2:54  Drone  
  33  2:57  Drone  
  36  3:07  Overlord  
  36  3:08  Drone x2  
  36  3:09  Drone x2  
  36  3:11  Drone  
  42  3:12  Drone  
  42  3:19  Queen  
  44  3:25  Drone x3  
  47  3:30  Spore Crawler  
  45  3:35  Drone x2  
  45  3:40  Roach Warren  
  46  3:41  Extractor  
  46  3:42  Drone x3  
  46  3:47  Overlord  
  48  3:52  Zergling x2, Overlord  
  48  3:53  Zergling x2  
  50  3:58  Zergling x6  
  50  4:02  Lair  
  53  4:07  Overlord  
  53  4:14  Overlord  
  53  4:20  Roach x5  
  53  4:23  Roach  
  65  4:26  Overlord  
  65  4:28  Roach  
  67  4:33  Roach  
  67  4:35  Roach  
  67  4:36  Overlord  
  71  4:40  Roach  
  71  4:42  Zergling x4  
  75  4:48  Overlord  
  75  4:49  Roach x2  
  79  4:57  Roach  
  80  5:00  Overlord  
  80  5:02  Overlord  
  80  5:05  Drone x4  
  78  5:09  Drone x2  
  78  5:11  Drone  
  74  5:15  Overseer  
  74  5:17  Drone x2  
  76  5:25  Overlord  
  76  5:26  Drone x2  
  78  5:31  Drone x3  
  78  5:34  Glial Reconstitution  
  81  5:36  Extractor  
  81  5:37  Overseer  
  80  5:44  Overlord  
  80  5:47  Drone x2  
  80  5:48  Drone x3  
  85  5:52  Roach  
  85  5:55  Roach x2  
  91  5:57  Drone x2  
  91  5:59  Drone  
  91  6:00  Drone  
  95  6:05  Drone  
  95  6:06  Baneling Nest  
  95  6:07  Extractor  
  95  6:09  Overlord  
  95  6:10  Drone  
  95  6:14  Overlord  
  95  6:15  Drone  
  95  6:17  Drone x2  
  97  6:19  Drone  
  97  6:20  Drone  
  97  6:33  Overlord  
  97  6:34  Roach x5  
  97  6:39  Overlord  
  107  6:42  Extractor, Roach x2  
  107  6:44  Roach  
  107  6:46  Roach  
  114  6:49  Centrifical Hooks  
  114  6:53  Ravager  
  115  6:54  Zergling x6  
  115  6:57  Baneling  
  115  6:59  Zergling x6  
  121  7:04  Ravager  
  121  7:07  Zergling x10  
  118  7:16  Zergling x18  
  118  7:22  Zergling x6  
  123  7:26  Ravager  
  123  7:27  Roach  
  118  7:31  Roach  
  118  7:36  Roach x2  
  114  7:41  Roach x6  
  113  7:45  Roach  
  113  7:48  Roach x2  
  119  7:53  Ravager  
  119  7:55  Zergling x2  
  117  8:03  Zergling x4  
  117  8:06  Ravager  
  117  8:10  Ravager  
  117  8:11  Zergling x10  
  124  8:16  Zergling x8  
  124  8:18  Baneling x5  
  124  8:19  Baneling  
  128  8:22  Zergling x4  
  128  8:26  Baneling x2  
  130  8:31  Zergling x6  
  133  8:34  Zergling x2  
  133  8:35  Zergling x4  
  133  8:38  Baneling x4  
  133  8:39  Zergling x2  
  133  8:40  Zergling x6  
  139  8:45  Zergling x6  
  136  8:49  Zergling x4  

Tags
 
Add a new tag
Caveats
  • Supply blocks, unpowered buildings, or Contaminate may cause inaccurate times.
  • Supply counts are checked every 10 seconds.